AoeStats
← SHIOZEN

Hideout

507705977Analyzed
1v1 RM · 14d ago on Sep 19, 2026· 32m 26s· 2 players
Game mode
Random Map
Map size
Tiny (2 player)
Population
200
Speed
Normal
Resources
Standard
Victory
Conquest
Starting age
Dark Age
Ending age
Imperial Age
RankedLock teamsTeams togetherTeam positionsShared explorationLock speedFull tech treeHidden civsTurbo modeCheats
Victory
Defeat
🇨🇴 Spanish · Colombia
1520
+16
🇮🇳 Burgundians · India
1511
-16
gamingtars
3:51 Double-Bit Axe
10:49 Feudal Age
14:48 Castle Age
13:15 Bow Saw
13:27 Horse Collar
16:40 Two-Man Saw
15:45 Heavy Plow
15:56 Loom
16:40 Town Watch
19:00 Wheelbarrow
21:34 Fletching
23:22 Ballistics
23:36 Padded Archer Armor
23:44 Bodkin Arrow
24:29 Elite Skirmisher
SHIOZEN
9:49 Feudal Age
14:04 Castle Age
12:37 Loom
12:53 Double-Bit Axe
19:54 Gold Mining
23:08 Devotion
Connection lost

Rejoining the realm…

Still unreachable

The connection could not be restored.

Session expired

The server has moved on; the page needs a fresh start.